 Dungeon Crawl Stone Soup version 0.26-a0-64-g059e62fbdb (webtiles) character file.

Game seed: 6678848558602017283

110 PIKKUHERKKO the Chopper (level 4, -12/33 HPs)
             Began as a Demonspawn Gladiator on June 10, 2020.
             Killed by nerve-wracking pain
             ... invoked by an orc priest
              (14 damage)
             ... on level 3 of the Dungeon.
             The game lasted 00:03:54 (1271 turns).

PIKKUHERKKO the Chopper (Demonspawn Gladiator)      Turns: 1271, Time: 00:03:55

Health: -12/33     AC:  7    Str: 14    XL:     4   Next: 61%
Magic:  4/4        EV: 11    Int:  9    God:
Gold:   89         SH:  0    Dex: 14    Spells: 3/3 levels left

rFire    . . .     SeeInvis .   a - +0 war axe
rCold    . . .     Gourm    .   (no shield)
rNeg     . . .     Faith    .   i - +0 ring mail
rPois    .         Spirit   .   c - +0 helmet
rElec    .         Reflect  .   (no cloak)
rCorr    .         Harm     .   (no gloves)
MR       .....     Rnd*Tele +   (no boots)
Stlth    +.........             (no amulet)
HPRegen  0.11/turn              (no ring)
MPRegen  0.09/turn              (no ring)

@: mighty, brilliant
A: powered by pain 1, shaggy fur 1, teleportitis 1, weak 1
a: no special abilities


You were on level 3 of the Dungeon.
You were hungry.

You visited 1 branch of the dungeon, and saw 3 of its levels.

You collected 89 gold pieces.

Inventory:

Hand Weapons
 a - a +0 war axe (weapon)
Missiles
 d - 2 throwing nets (quivered)
Armour
 b - a +0 leather armour
 c - a +0 helmet (worn)
 i - a +0 ring mail (worn)
Scrolls
 h - a scroll of amnesia {unknown}
 j - a scroll of remove curse {unknown}
 m - a scroll of magic mapping {unknown}
 n - a scroll of teleportation {unknown}
 o - 2 scrolls of immolation {unknown}
 p - a scroll of identify {unknown}
Comestibles
 f - 2 rations


   Skills:
 - Level 2.0 Fighting
 + Level 5.0 Axes
 - Level 1.7 Throwing
 - Level 2.6 Dodging


You had 3 spell levels left.
You didn't know any spells.
Your spell library was empty.

Dungeon Overview and Level Annotations

Branches:
Dungeon (3/15)

Altars:

Annotations:
D:3 2 transporters, Hasart's ghost, amateur KoAs; Robin


Innate Abilities, Weirdness & Mutations

You sometimes gain a little power by taking damage.
You are covered in fur. (AC +1)
You are occasionally teleported next to monsters.
You are weak. (Str -2)


Message History

* * * LOW HITPOINT WARNING * * *
The orc hits you but does no damage.
It was a potion of brilliance.
You feel clever all of a sudden. The orc hits you but does no damage.
The orc barely misses you.
You feel better. The orc hits you but does no damage.
The orc priest mumbles some strange prayers to Beogh against you.
Beogh smites you!
* * * LOW HITPOINT WARNING * * *
You focus on the pain.
You feel very mighty all of a sudden. The orc barely misses you.
You slash the orc!
You kill the orc!
Your Axes skill increases to level 5!
You barely miss the orc. The orc hits you with a +0 dagger.
* * * LOW HITPOINT WARNING * * *
The orc priest mumbles some strange prayers to Beogh against you.
Pain shoots through your body!
You die...

#.#..≈≈≈≈≈.≈..#
#r#..≈..(≈.≈..#
#.#..≈.≈#≈.≈..#
##g#..≈.≈≈≈.≈..#
...#.g≈.....≈..#
##.#..≈≈≈≈≈≈≈..###
.).#...........'g#
##.#...(((..r..#o#
...#############@#
###.# #)# .# .o#
.# ..## .# ##. .
## .. #..# .#.#


You could see an orc priest, an orc and a goblin.

Vanquished Creatures
  4 adders (D:3)
  3 dart slugs
  2 leopard geckos (D:2)
  2 orcs (D:3)
  3 giant cockroaches
  13 goblins
  7 hobgoblins
  8 kobolds
  2 ball pythons
  6 bats
  2 frilled lizards
  A jackal skeleton (D:3)
  8 rats
61 creatures vanquished.

Notes
Turn   | Place    | Note
-------+----------+-------------------------------------------
     0 | D:1      | PIKKUHERKKO the Demonspawn Gladiator began the quest for
                  | the Orb.
     0 | D:1      | Reached XP level 1. HP: 16/16 MP: 1/1
    34 | D:1      | Reached skill level 3 in Axes
    66 | D:1      | Gained mutation: You sometimes gain a little power by
                  | taking damage. [demonic ancestry]
    66 | D:1      | Reached XP level 2. HP: 13/22 MP: 2/2
   314 | D:2      | Reached XP level 3. HP: 10/27 MP: 3/3
   426 | D:2      | Reached skill level 4 in Axes
   435 | D:2      | HP: 1/27 [leopard gecko (1)]
  1022 | D:3      | Reached XP level 4. HP: 19/33 MP: 4/4
  1104 | D:3      | Noticed Hasart's ghost (amateur KoAs)
  1105 | D:3      | Found a transporter.
  1105 | D:3      | Identified the +10 great mace "Mycrishi" {freeze, Str+8}
  1105 | D:3      | Noticed an ogre
  1106 | D:3      | Noticed an ogre
  1107 | D:3      | Noticed an ogre
  1108 | D:3      | Found a transporter.
  1176 | D:3      | Noticed Robin
  1267 | D:3      | Gained mutation: You are occasionally teleported next to
                  | monsters. [potion of mutation]
  1267 | D:3      | Gained mutation: You are weak. (Str -2) [potion of
                  | mutation]
  1267 | D:3      | Gained mutation: You are covered in fur. (AC +1) [potion of
                  | mutation]
  1271 | D:3      | Reached skill level 5 in Axes
  1271 | D:3      | Killed from afar by an orc priest

Illustrated notes

Levels and vault maps discovered:
D:1:      dpeg_arrival_renting, layout_basic, lexackson_kobold_supper
D:2:      layout_rooms, kennysheep_path_1, nemelex_lonely_heart_becter
D:3:      wad_river_or_something, layout_loops_ring, gammafunk_ghost_smash,
          kennysheep_small_spiral, grunt_ministairs_6, uniq_robin

Skill      XL: |  1  2  3  4 |
---------------+-------------+-----
Axes           | 3 4 5 |  5.0
Fighting       | |  2.0
Throwing       | |  1.7
Dodging        | |  2.6

Action                   |  1- 3 |  4- 6 || total
-------------------------+-------+-------++-------
Melee: War axe           |   130 |    61 ||   191
Throw: Throwing net      |     3 |       ||     3
  Use: Potion            |       |     8 ||     8
 Stab: Held in net/web   |     2 |       ||     2
  Eat: Chunk             |     1 |       ||     1
Armor: Leather armour    |    18 |       ||    18
       Ring mail         |    44 |    44 ||    88
Dodge: Dodged            |   101 |    76 ||   177

Table legend:
 A = Non-vault XP
 B = Vault XP
 C = Vault XP percentage of total XP
 D = Non-vault monster count
 E = Vault monster count
 F = Vault count percentage of total count
                 A         B        C        D         E       F
            +---------+---------+-------+---------+---------+-------
      Total |     142 |      16 |  10.1 |      53 |       8 |  13.1
            +---------+---------+-------+---------+---------+-------
        D:1 |      27 |       0 |   0.0 |      17 |       0 |   0.0
        D:2 |      35 |       0 |   0.0 |      16 |       0 |   0.0
        D:3 |      80 |      16 |  16.7 |      20 |       8 |  28.6
            +---------+---------+-------+---------+---------+-------
